 Dungeon Crawl Stone Soup version 0.17.0-27-g4a3f43e (console) character file.

21402 gw the Martial Artist (level 12, -7/115 HPs)
             Began as a Deep Dwarf Monk on Nov 21, 2015.
             Was a High Priest of Okawaru.
             Succumbed to Sonja's poison
             ... on level 4 of the Lair of Beasts.
             The game lasted 00:19:19 (13659 turns).

gw the Martial Artist (Deep Dwarf Monk)            Turns: 13659, Time: 00:19:19

Health: -7/115     AC: 22    Str: 19    XL:     12   Next: 53%
Magic:  0/0        EV:  8    Int: 12    God:    Okawaru [*****.]
Gold:   884        SH:  0    Dex: 19    Spells: 0 memorised, 11 levels left

rFire  + . .     SeeInvis .       - Unarmed
rCold  . . .     Clarity  .     q - +4 plate armour
rNeg   . . .     SustAt   .     (no shield)
rPois  .         Gourm    .     l - +2 helmet
rElec  .         Spirit   .     (no cloak)
rCorr  .         Warding  .     (no gloves)
rMut   +         Stasis   .     (no boots)
MR     +....                    w - amulet of resist mutation
Stlth  ..........               u - ring of protection from fire
                                h - +4 ring of strength (curse)

@: lethally poisoned (-7 -> -140), non-regenerating, slowed, very slow, somewhat
resistant to hostile enchantments, extremely unstealthy
A: damage resistance, recharge devices, sense surroundings 2, slow regeneration
3
a: Device Recharging, Heroism, Finesse, Renounce Religion


You were on level 4 of the Lair of Beasts.
You worshipped Okawaru.
Okawaru was extremely pleased with you.
You were hungry.

You visited 2 branches of the dungeon, and saw 15 of its levels.
You also visited: Ossuary.

You collected 884 gold pieces.

Inventory:

Missiles
 s - 36 bolts
Armour
 l - a +2 helmet (worn)
 q - a +4 plate armour (worn)
Jewellery
 h - a cursed +4 ring of strength (left hand)
 u - a ring of protection from fire (right hand)
 w - an amulet of resist mutation (around neck)
Wands
 b - a wand of heal wounds (0)
 e - a wand of random effects (10)
 o - a wand of polymorph (9)
 v - a wand of cold (4)
 y - a wand of confusion (19)
Scrolls
 a - a scroll of amnesia
 d - 6 scrolls of remove curse
 f - 9 scrolls of identify
 p - a scroll of enchant weapon
Potions
 r - 3 potions of haste
Comestibles
 c - 15 bread rations
 g - 2 beef jerkies
 i - 2 royal jellies
 j - 9 meat rations
 m - 2 slices of pizza


   Skills:
 + Level 9.5 Fighting
 + Level 10.3 Armour
 - Level 3.2 Dodging
 - Level 2.4 Stealth
 * Level 12.5 Unarmed Combat
 + Level 11.7 Invocations
 - Level 1.3 Evocations


You had 11 spell levels left.
You didn't know any spells.

Dungeon Overview and Level Annotations

Branches:
Dungeon (11/15)            Temple (0/1) D:5            Lair (4/8) D:11
 Spider (0/4) Lair:3          Orc (0/4) D:10
  Swamp: Lair:3-6    Shoals: Lair:3-6

Altars:
Gozag
Kikubaaqudgha
Okawaru
Ru
Sif Muna
Vehumet
Xom
Yredelemnul
Zin

Shops:
D:10 (   D:11 }

Annotations:
Lair:4 Sonja


Innate Abilities, Weirdness & Mutations

You are resistant to damage.
You can recharge devices by infusing magical energy.
You passively map the area around you.
You do not regenerate naturally.


Message History

You feel extremely sick.
Evoke which item? (* to show all) (? for menu, Esc to quit)
Zapping:
b - a wand of heal wounds (1)
Press: ? - help, Shift-Dir - straight line, f - you You feel much better.
This wand has 0 charges left.
You feel extremely sick.
ATTACK MOVE TO (-1,1)
You feel extremely sick.
Found a scroll of recharging.
ATTACK MOVE TO (-1,1)
You feel extremely sick.
ATTACK MOVE TO (-1,0)
A porcupine and a crocodile come into view.
You feel extremely sick.
Attempting RANGED ATTACK TO (-5,-4); ATTACKING (-1,-1)
You swing at nothing.
You feel extremely sick.
Attempting RANGED ATTACK TO (-4,-3); ATTACKING (-1,-1)
You swing at nothing.
You die...

, , * ........## #..... *
, .. * ........####.... *
, ..., ** #(.......##....
*
...#######...#$....#....
,.....#.....P...(........
*
...t.......(.(..........
,........................
........................
,
...r...g................
........................
,,,
..?.....................
*
...#..#P.##.#.###.<.....
* ###..##########
##.#.... ### ##.)...
#P#... ###... #P...


You could see a crocodile and a porcupine.

Table legend:
 A = Turns spent in this place as a percentage of turns spent in the entire game.
 B = Non-inter-level travel turns spent in this place as a percentage of non-inter-level travel turns spent in the entire game.
 C = Inter-level travel turns spent in this place as a percentage of turns spent in this place.
 D = Turns resting spent in this place as a percentage of non-inter-level travel turns spent in this place.
 E = Turns spent auto-exploring this place as a percentage of non-inter-level travel turns spent in this place.
 F = Non-inter-level travel turns spent in this place divided by the number of levels of this place that you've seen.
                   A       B       C       D       E      F
               +-------+-------+-------+-------+-------+----------------------
         Total | 100.0 | 100.0 |   0.4 |   0.0 |   1.8 | 2026.7
       Dungeon |  67.6 |  67.6 |   0.4 |   0.0 |   1.9 | 1993.5
          Lair |  27.0 |  27.0 |   0.6 |   0.0 |   1.4 | 2185.8
       Ossuary |   5.4 |   5.4 |   0.0 |   0.0 |   2.1 | 1755.0
               +-------+-------+-------+-------+-------+----------------------

Table legend:
 A = Kills in this place as a percentage of kills in entire the game.
 B = Kills by you in this place as a percentage of kills by you in the entire game.
 C = Kills by friends in this place as a percentage of kills by friends in the entire game.
 D = Other kills in this place as a percentage of other kills in the entire game.
 E = Experience gained in this place as a percentage of experience gained in the entire game.
 F = Experience gained in this place divided by the number of levels of this place that you have seen.
                   A       B       C       D       E      F
               +-------+-------+-------+-------+-------+----------------------
         Total | 100.0 | 100.0 |  -nan |  -nan | 100.0 | 1910.9
       Dungeon |  60.8 |  60.8 |  -nan |  -nan |  38.5 | 1068.9
          Lair |  32.2 |  32.2 |  -nan |  -nan |  60.8 | 4644.0
       Ossuary |   7.0 |   7.0 |  -nan |  -nan |   0.8 | 241.0
               +-------+-------+-------+-------+-------+----------------------

Vanquished Creatures
  Erolcha (D:8)
  2 hydras (Lair:3)
  A griffon (Lair:2)
  The ghost of jw the Sneak, a novice OpBe of Trog (D:4)
  2 black mambas
  A gargoyle (D:11)
  4 spiny frogs
  The ghost of glanitos the Covert, a novice FeMo of Dithmenos (D:8)
  A komodo dragon (Lair:4)
  2 trolls
  3 blink frogs (Lair:3)
  A spriggan (D:7)
  Sigmund (D:6)
  A steam dragon (Lair:3)
  6 hippogriffs
  3 basilisks
  30 yaks
  5 wolves (Lair:4)
  A hungry ghost (D:9)
  Edmund (D:5)
  8 water moccasins
  8 porcupines
  A phantom (D:6)
  4 orc warriors
  2 ice beasts (D:9)
  8 spiders (Lair:3)
  2 sky beasts
  3 ogres
  A black bear (D:10)
  4 centaurs
  5 crocodiles
  15 giant frogs
  6 wights
  4 killer bees (D:11)
  A water moccasin skeleton (D:8)
  3 scorpions
  A vampire bat (D:3)
  6 crimson imps
  A giant frog zombie (D:10)
  3 hounds
  A quasit (D:10)
  2 giant frog skeletons (D:6)
  3 jellies
  6 orc wizards
  4 iguanas
  3 orc priests
  A centaur skeleton (D:5)
  A gnoll shaman (D:8)
  12 sheep
  8 worker ants
  A hound zombie (D:8)
  2 hound skeletons
  12 mummies (Ossuary)
  2 worker ant zombies
  14 gnolls
  40 river rats
  2 shadow imps
  14 adders
  An ooze (D:5)
  An adder skeleton (D:5)
  3 worms
  3 fire bats (D:3)
  10 giant geckos
  26 orcs
  2 spectral bats (D:3)
  A ball python (D:2)
  3 bat skeletons (D:3)
  A bat zombie (D:3)
  3 giant cockroaches (D:1)
  10 hobgoblins
  7 jackals
  7 quokkas
  20 bats
  A bat simulacrum (D:3)
  A giant cockroach zombie (D:6)
  A giant gecko skeleton (D:5)
  6 giant newts
  A gnoll skeleton (Ossuary)
  7 goblins
  A goblin skeleton (Ossuary)
  7 kobolds
  4 kobold skeletons (Ossuary)
  2 orc skeletons (Ossuary)
  8 rats
  11 rat skeletons (Ossuary)
  2 plants (D:11)
432 creatures vanquished.

Vanquished Creatures (others)
  A human (D:6)
  A quokka (D:6)
2 creatures vanquished.

Grand Total: 434 creatures vanquished

Notes
Turn   | Place    | Note
--------------------------------------------------------------
     0 | D:1      | gw the Deep Dwarf Monk began the quest for the Orb.
     0 | D:1      | Reached XP level 1. HP: 20/20 MP: 1/1
    40 | D:1      | Found a shimmering altar of Xom.
    96 | D:1      | Reached skill level 1 in Evocations
   106 | D:1      | Reached XP level 2. HP: 21/27 MP: 2/2
   200 | D:1      | Reached skill level 4 in Unarmed Combat
   758 | D:2      | Reached XP level 3. HP: 33/33 MP: 3/3
   814 | D:2      | Reached skill level 1 in Armour
  1094 | D:2      | Reached XP level 4. HP: 34/42 MP: 5/5
  1303 | D:2      | Found an iron altar of Okawaru.
  1312 | D:2      | Became a worshipper of Warmaster Okawaru
  1312 | D:2      | Reached * piety under Okawaru
  1312 | D:2      | Reached ** piety under Okawaru
  1715 | D:3      | Found a deep blue altar of Sif Muna.
  1938 | D:3      | Reached skill level 1 in Invocations
  1938 | D:3      | Reached XP level 5. HP: 32/49 MP: 6/6
  2242 | D:3      | Reached skill level 5 in Unarmed Combat
  2280 | D:3      | Reached XP level 6. HP: 28/56 MP: 7/7
  2459 | D:3      | Found an opulent altar of Gozag.
  2501 | D:3      | Found an ancient bone altar of Kikubaaqudgha.
  2661 | D:3      | Noticed a hippogriff
  2690 | D:3      | Killed a hippogriff
  3100 | D:4      | Found a radiant altar of Vehumet.
  3443 | D:4      | Noticed jw's ghost (novice OpBe)
  3463 | D:4      | Killed jw's ghost
  3463 | D:4      | Reached *** piety under Okawaru
  3463 | D:4      | Reached skill level 6 in Unarmed Combat
  3463 | D:4      | Reached XP level 7. HP: 33/66 MP: 7/10
  4040 | D:5      | Entered Level 5 of the Dungeon
  4280 | D:5      | Reached **** piety under Okawaru
  4280 | D:5      | Reached XP level 8. HP: 50/73 MP: 10/10
  4359 | D:5      | Noticed Edmund
  4402 | D:5      | Killed Edmund
  4632 | D:5      | Found a staircase to the Ecumenical Temple.
  4708 | D:5      | Reached skill level 7 in Unarmed Combat
  4794 | D:5      | Reached skill level 5 in Invocations
  4979 | D:6      | Reached skill level 5 in Fighting
  4993 | D:6      | Noticed Sigmund
  5001 | D:6      | Killed Sigmund
  5038 | D:6      | Reached skill level 5 in Armour
  5343 | D:6      | Found an ancient bone altar of Kikubaaqudgha.
  5461 | D:6      | Gained mutation: You passively map the area around you. [Deep Dwarf growth]
  5461 | D:6      | Reached XP level 9. HP: 55/81 MP: 9/9
  5581 | D:6      | Reached skill level 8 in Unarmed Combat
  5757 | D:7      | Found a sand-covered staircase.
  5763 | Ossuary  | Entered an ossuary
  6153 | Ossuary  | Reached ***** piety under Okawaru
  6157 | Ossuary  | Gained mutation: You possess an exceptional clarity of mind. [potion of mutation]
  6157 | Ossuary  | Lost mutation: You possess an exceptional clarity of mind. [potion of mutation]
  6157 | Ossuary  | Gained mutation: You are dopey. (Int -2) [potion of mutation]
  6915 | D:8      | Noticed Erolcha
  6923 | D:8      | Killed Erolcha
  6923 | D:8      | Reached skill level 9 in Unarmed Combat
  6931 | D:8      | Noticed glanitos's ghost (novice FeMo)
  6938 | D:8      | Killed glanitos's ghost
  6938 | D:8      | Received a gift from Okawaru
  7096 | D:8      | Reached XP level 10. HP: 54/92 MP: 10/10
  7975 | D:8      | Lost mutation: You are dopey. (Int -2) [potion of cure mutation]
  8259 | D:9      | Found a sacrificial altar of Ru.
  8368 | D:9      | Found a glowing silver altar of Zin.
  8369 | D:9      | Noticed an angel
  8671 | D:10     | Entered Level 10 of the Dungeon
  8691 | D:10     | Found Dud Hoa's Weapon Boutique.
  8778 | D:10     | Found a staircase to the Orcish Mines.
  8850 | D:10     | Found a basalt altar of Yredelemnul.
  8878 | D:10     | Reached skill level 10 in Unarmed Combat
  9454 | D:11     | Received a gift from Okawaru
  9478 | D:11     | Reached XP level 11. HP: 62/103 MP: 10/10
  9537 | D:11     | Found Moamuw's Gadget Boutique.
  9609 | D:11     | Found a staircase to the Lair.
 10018 | Lair:1   | Entered Level 1 of the Lair of Beasts
 10281 | Lair:1   | Reached skill level 11 in Unarmed Combat
 10468 | Lair:1   | Received a gift from Okawaru
 10477 | Lair:1   | Reached ****** piety under Okawaru
 10477 | Lair:1   | Reached skill level 10 in Invocations
 11674 | Lair:2   | Received a gift from Okawaru
 12240 | Lair:3   | Noticed a six-headed hydra
 12265 | Lair:3   | Reached XP level 12. HP: 77/112 MP: 1/8
 12280 | Lair:3   | Killed a six-headed hydra
 12280 | Lair:3   | Reached skill level 12 in Unarmed Combat
 12527 | Lair:3   | Found a hole to the Spider Nest.
 13105 | Lair:3   | Noticed a four-headed hydra
 13118 | Lair:3   | Killed a four-headed hydra
 13118 | Lair:3   | Reached skill level 10 in Armour
 13587 | Lair:4   | Noticed Sonja
 13658 | Lair:4   | HP: 5/115 [poisoned by Sonja]
 13659 | Lair:4   | Succumbed to Sonja's poison

Action                   |  1- 3 |  4- 6 |  7- 9 | 10-12 || total
-------------------------+-------+-------+-------+-------++-------
Melee: Unarmed           |   150 |   391 |   739 |  1157 ||  2437
Invok: Heroism           |       |     2 |     3 |     6 ||    11
       Finesse           |       |       |       |     1 ||     1
 Abil: Device Recharging |       |       |     5 |    15 ||    20
Evoke: Wand              |     2 |     6 |    33 |    76 ||   117
  Use: Potion            |     3 |     5 |     5 |     9 ||    22
       Scroll            |     2 |     7 |    11 |    11 ||    31
 Stab: Sleeping          |     7 |     3 |       |       ||    10
  Eat: Chunk             |     1 |     8 |    13 |    19 ||    41
       Beef jerky        |       |       |     1 |       ||     1
       Fruit             |       |       |       |     3 ||     3
       Bread ration      |       |       |       |     1 ||     1

Vault maps used:
D:1:      scummos_arrival_simple_fountains, wad_floor_pattern_2,
          xom_teletrap_fun
D:2:      kennysheep_okawaru_gauntlet
D:3:      overflow_temple_1_default, lemuel_crystal_altar,
          kiku_gazebo_pond_becter, gup_sewer_entry_bowl, goddamned_bats
D:4:      lemuel_coloured_pillars_altar, first_bread, minmay_gold_behind_fungi
D:5:      minmay_temple_entry_fiery, uniq_edmund
D:6:      minmay_opposing_rooms, minmay_misc_feat_four_crosses,
          tgw_kikubaaqudgha, uniq_sigmund
D:7:      nicolae_ossuary_entry_monument, hex_large, the_bakery
D:8:      uniq_erolcha
D:9:      zin_angel, kennysheep_mini
D:10:     orc_0_dummy, serial_shops, nicolae_shop_behind_doors, basic_altar
D:11:     dpeg_oklobed_lair, serial_shops, kennysheep_mini_moat, spider_trap
Lair:3:   spider_nest_entry_a
Lair:4:   minmay_stone_trees_medium, uniq_sonja
Ossuary:  ossuary_due_small_catacomb
